 Dungeon Crawl Stone Soup version 0.29.1-12-g30fa7ad0bf (webtiles) character file.

Game seed: 1070681172913985266

66 RapScallion the Covered (level 4, -1/35 HPs)
             Began as a Human Fighter on Jan 16, 2023.
             Killed from afar by Natasha (9 damage)
             ... with a bolt of light
             ... on level 2 of the Dungeon.
             The game lasted 00:04:23 (1474 turns).

RapScallion the Covered (Human Fighter)             Turns: 1474, Time: 00:04:24

Health: -1/35      AC:  6    Str: 18    XL:     4   Next: 37%
Magic:  4/4        EV:  8    Int:  8    God:
Gold:   42         SH: 10    Dex: 13    Spells: 3/3 levels left

rFire   . . .      SeeInvis .   a - +0 long sword
rCold   . . .      Faith    .   g - +2 kite shield
rNeg    . . .      Spirit   .   b - +0 scale mail
rPois   .          Reflect  .   (no helmet)
rElec   .          Harm     .   (no cloak)
rCorr   .          Rampage  .   (no gloves)
Will    +....                   (no boots)
Stlth   ..........              (no amulet)
HPRegen 0.11/turn               k - ring of willpower
MPRegen 0.09/turn               (no ring)

@: no status effects
A: no striking features
a: no special abilities


You were on level 2 of the Dungeon.
You visited 1 branch of the dungeon, and saw 2 of its levels.

You collected 42 gold pieces.

Inventory:

Hand Weapons
 a - a +0 long sword (weapon)
Armour
 b - a +0 scale mail (worn)
 g - a +2 kite shield (worn)
Jewellery
 k - a ring of willpower (left hand)
Scrolls
 e - a scroll of identify {unknown}
 f - a scroll of fear {unknown}
 i - a scroll of enchant weapon {unknown}
 j - a scroll of enchant armour {unknown}
 l - a scroll of magic mapping {unknown}
Potions
 c - 2 potions of curing
 d - a potion of might
 h - a potion of haste {unknown}


   Skills:
 + Level 3.4 Fighting
 + Level 3.2 Long Blades
 + Level 3.4 Armour
 + Level 0.9 Dodging
 + Level 3.0 Shields


You had 3 spell levels left.
You didn't know any spells.
Your spell library contained the following spells:

 Spells                   Type           Power      Damage    Failure   Level
 Beastly Appendage        Tmut           0%         N/A       99%         1
 Wereblood                Tmut           0%         N/A       100%        2
 Spider Form              Tmut/Pois      0%         N/A       100%        3
 Blade Hands              Tmut           0%         N/A       100%        5
 Irradiate                Conj/Tmut      0%         3d11      100%        5
 Dragon Form              Tmut           0%         N/A       100%        7


Dungeon Overview and Level Annotations

Branches:
Dungeon (2/15)

Altars:

Annotations:
D:2 Natasha


Message History

The goblin shouts!
You hit the rat.
The rat is moderately wounded.
You block the rat's attack.
You closely miss the rat. The rat barely misses you. The rat bites you.
You hit the rat.
The rat is moderately wounded.
You block the rat's attack.
You barely miss the rat.
The rat is moderately wounded.
You block the rat's attack. You block the goblin's attack.
The rat closely misses you.
You closely miss the rat.
The rat is moderately wounded.
The goblin closely misses you. The rat bites you but does no damage.
You closely miss the rat.
The rat is moderately wounded.
You block the goblin's attack. You block the rat's attack.
You slash the rat!
You kill the rat!
The goblin closely misses you.
Natasha, Servant of Life and Death comes into view.
She is carrying a wand of light (6).
You block the goblin's attack.
You hit the goblin.
You kill the goblin!
Natasha zaps a wand.
The bolt of light hits you!
Things that are here:
a +0 club; a goblin corpse You barely miss Natasha.
Natasha wildly gestures.
Natasha shimmers violently.
Natasha zaps a wand.
The bolt of light hits you!!
Ouch! That really hurt!
* * * LOW HITPOINT WARNING * * *
Natasha casts a spell.
It was a potion of curing.
You feel better. You block Natasha's attack.
You slash Natasha!
Natasha is severely wounded.
Natasha zaps a wand.
The bolt of light hits you!
You die...

#.#..# #.#..#
#.#..#####
###.†......#
#..............###
#.#####..#.......#
#..#.)†..#"#
#..#.....# #
#..##@5##.#
#....h...##
#...#.###.#
###.#.# .# # #.# .
#.# #.. ###


You could see Natasha and a shadow imp (summoned).

Vanquished Creatures
  A gnoll (D:1)
  2 adders
  2 dart slugs (D:1)
  4 bats
  3 endoplasms
  A giant cockroach (D:1)
  2 goblins
  4 hobgoblins
  3 kobolds
  A quokka (D:1)
  7 ball pythons (D:1)
  A frilled lizard (D:1)
  3 rats
34 creatures vanquished.

Vanquished Creatures (others)
  A plant (D:2)
1 creature vanquished.

Grand Total: 35 creatures vanquished

Notes
Turn   | Place    | Note
-------+----------+-------------------------------------------
     0 | D:1      | RapScallion the Human Fighter began the quest for the Orb.
     0 | D:1      | Reached XP level 1. HP: 18/18 MP: 1/1
   194 | D:1      | Reached XP level 2. HP: 18/24 MP: 2/2
   319 | D:1      | Reached XP level 3. HP: 22/29 MP: 3/3
   967 | D:1      | Reached XP level 4. HP: 20/35 MP: 4/4
  1467 | D:2      | Noticed Natasha
  1474 | D:2      | Killed from afar by Natasha

Illustrated notes

Levels and vault maps discovered:
D:1:      dpeg_arrival_renting, layout_basic
D:2:      layout_loops_ring, hellmonk_ecumenical_altar_run_dry,
          lexackson_kobold_supper, uniq_natasha, uniq_terence

Skill      XL: |  1  2  3  4 |
---------------+-------------+-----
Long Blades    | 3 |  3.2
Fighting       | |  3.4
Armour         | |  3.4
Dodging        | |  0.9
Shields        | |  3.0

Action                   |  1- 3 |  4- 6 || total
-------------------------+-------+-------++-------
Melee: Long sword        |    77 |    31 ||   108
  Use: Potion            |       |     1 ||     1
Armor: Scale mail        |    48 |     5 ||    53
Dodge: Dodged            |    37 |    13 ||    50
Block: Buckler           |    12 |       ||    12
       Kite shield       |    36 |    19 ||    55
